 Dungeon Crawl Stone Soup version 0.21-a0-434-g806c6c2 (webtiles) character file.

3533 slep the Carver (level 9, -1/81 HPs)
             Began as a Minotaur Berserker on Nov 9, 2017.
             Was a High Priest of Trog.
             Slain by a big kobold
             ... wielding a +0 short sword
              (7 damage)
             ... on level 7 of the Dungeon.
             The game lasted 00:37:51 (5811 turns).

slep the Carver (Minotaur Berserker)                Turns: 5811, Time: 00:37:51

Health: -1/81      AC:  8    Str: 24    XL:     9   Next: 82%
Magic:  2/2        EV: 15    Int:  1    God:    Trog [*****.]
Gold:   376        SH:  5    Dex: 14    Spells: 8/8 levels left

rFire    . . .     SeeInvis .   T - +5 scimitar (antimagic)
rCold    . . .     Gourm    +   x - +0 buckler
rNeg     + . .     Faith    .   E - +2 leather armour "Tow Inwem" {rPois Str+3 Int-3}
rPois    +         Spirit   .   v - +2 hat
rElec    .         Reflect  .   r - +0 cloak
rCorr    .         Harm     .   (no gloves)
MR       .....     Rnd*Tele +   (no boots)
Stlth    +++.......             R - amulet of the gourmand
HPRegen  0.23/turn              f - ring of teleportation
MPRegen  0.08/turn              t - ring of positive energy

@: berserk cooldown, slowed, very slow
A: retaliatory headbutt, horns 2
a: Berserk, Trog's Hand, Brothers in Arms, Burn Spellbooks, Renounce Religion


You were on level 7 of the Dungeon.
You worshipped Trog.
Trog was extremely pleased with you.
You were very full.

You visited 1 branch of the dungeon, and saw 7 of its levels.
You also visited: Sewer.

You collected 376 gold pieces.

Inventory:

Hand Weapons
 a - a +0 falchion
 w - a +2 dagger of venom
 C - a +3 dagger of venom
 F - a +0 trident of protection
 G - a +1 flail of holy wrath
 L - a +3 mace
 M - a -2 hunting sling
 T - a +5 antimagic scimitar (weapon)
Missiles
 D - 7 tomahawks (quivered)
 H - a throwing net
 P - 4 exploding tomahawks
Armour
 b - a +0 animal skin
 r - a +0 cloak (worn)
 v - a +2 hat (worn)
 x - a +0 buckler (worn)
 B - a +2 leather armour of fire resistance
 E - the +2 leather armour "Tow Inwem" (worn) {rPois Str+3 Int-3}
   (You found it on level 6 of the Dungeon)

   It affects your strength (+3).
   It affects your intelligence (-3).
   It protects you from poison.
Jewellery
 f - a ring of teleportation (left hand)
 t - a ring of positive energy (right hand)
 K - an uncursed ring of stealth
 R - an amulet of the gourmand (around neck)
Wands
 n - a wand of digging (17/24)
Scrolls
 d - 4 scrolls of identify
 i - 3 scrolls of teleportation
 l - 4 scrolls of remove curse
 o - 2 scrolls of enchant armour {unknown}
 u - a scroll of random uselessness {unknown}
 y - 2 scrolls of amnesia {unknown}
 A - 2 scrolls of recharging {unknown}
 O - a scroll of blinking {unknown}
 Q - a scroll of torment {unknown}
 U - a scroll of fog {unknown}
 V - a scroll of magic mapping {unknown}
 W - a scroll of enchant weapon {unknown}
Potions
 e - 5 potions of agility {unknown}
 g - 5 potions of might
 h - a potion of flight
 j - 5 potions of haste {unknown}
 p - 2 potions of mutation {unknown}
 q - 2 potions of curing
 s - 3 potions of heal wounds
 z - a potion of degeneration {unknown}
 I - 2 potions of lignification {unknown}
 N - a potion of invisibility {unknown}
 S - a potion of brilliance {unknown}
Comestibles
 c - 5 bread rations
 k - 8 fruits
 m - 2 meat rations
 J - 2 royal jellies


   Skills:
 + Level 8.1 Fighting
 + Level 11.4 Long Blades
 + Level 2.7 Maces & Flails
 + Level 3.4 Armour
 + Level 6.2 Dodging
 + Level 4.8 Stealth
 + Level 2.9 Shields


You had 8 spell levels left.
You didn't know any spells.

Dungeon Overview and Level Annotations

Branches:
Dungeon (7/15)             Temple (0/1) D:6

Altars:
Uskayaw

Annotations:
D:7 Menkaure


Innate Abilities, Weirdness & Mutations

You reflexively headbutt those who attack you in melee.
You have a pair of horns on your head.


Message History

You barely miss the yak.
The yak is moderately wounded.
The kobold throws a stone.
The stone closely misses you. The yak gores you!
* * * LOW HITPOINT WARNING * * *
The yak gores you.
* * * LOW HITPOINT WARNING * * *
You block the kobold's attack. The yak closely misses you.
There is an open door, spattered with blood here.
You barely miss the yak.
The yak is moderately wounded.
The yak gores you but does no damage. x2; The yak closely misses you.
You riposte.
You barely miss the yak.
The yak is moderately wounded.
You closely miss the yak. You headbutt the yak, but do no damage.
The yak is moderately wounded.
The yak gores you!
* * * LOW HITPOINT WARNING * * *
The big kobold hits you with a short sword!
You die...
Y

..# ###### #. ...#
....##.##.#######...#
.....#..........KKK.#
.....#...........KK.
.....#..............
#...## ...##...#
#...###...##.(K######
#.........#(.KKK@Y..#
#.........#(..KY#(..#
#.........#...KK#..(#
#.........#.....#...#
#.........#.....#...#
#.........#.....#...#
#.........#.....#...#
#....##...####'##...#
###'###...####.######


You could see 2 yaks, a big kobold and 6 kobolds.

Vanquished Creatures
  The ghost of Psyclone the Magician, a novice DECj (D:5)
  2 yaks (D:7)
  The ghost of brevous the Cudgeler, an amateur VSSk (D:4)
  Eustachio (D:6)
  A hungry ghost (D:7)
  Duvessa (D:4)
  An ice beast (D:5)
  An orc warrior (D:7)
  2 phantoms
  6 ogres
  6 bullfrogs
  A water moccasin skeleton (D:6)
  2 scorpions
  Dowan (D:4)
  A howler monkey (D:5)
  3 crimson imps
  A hound (D:4)
  2 bullfrog skeletons
  2 orc priests
  A centaur skeleton (D:5)
  An orc wizard (D:4)
  Crazy Yiuf (D:2)
  An iguana (D:6)
  Jessica (D:2)
  3 worker ants
  A hound zombie (D:6)
  3 gnolls
  A howler monkey skeleton (D:4)
  A howler monkey zombie (D:6)
  17 adders
  A river rat (D:6)
  10 oozes
  An adder zombie (D:7)
  2 worms
  An adder skeleton (D:6)
  5 dart slugs
  9 leopard geckos
  31 orcs
  10 ball pythons (Sewer)
  14 giant cockroaches
  11 goblins
  16 hobgoblins
  9 jackals
  8 kobolds
  4 quokkas
  7 bats
  15 frilled lizards
  A giant cockroach zombie (D:4)
  A leopard gecko zombie (D:7)
  A quokka skeleton (D:4)
  10 rats
234 creatures vanquished.

Notes
Turn   | Place    | Note
-------+----------+-------------------------------------------
     0 | D:1      | slep the Minotaur Berserker began the quest for the Orb.
     0 | D:1      | Reached XP level 1. HP: 19/19 MP: 0/0
    56 | D:1      | Reached XP level 2. HP: 24/27 MP: 1/1
   112 | D:1      | Reached skill level 4 in Long Blades
   275 | D:1      | Reached ** piety under Trog
   275 | D:1      | Reached XP level 3. HP: 27/34 MP: 2/2
   701 | D:2      | HP: 1/34 [worm (11)]
   703 | D:2      | Reached XP level 4. HP: 2/41 MP: 3/3
  1103 | D:2      | Noticed Jessica
  1107 | D:2      | Killed Jessica
  1107 | D:2      | Reached skill level 5 in Long Blades
  1227 | D:2      | Found a runed door.
  1369 | D:2      | Found a faded altar of an unknown god.
  1489 | D:2      | Noticed Crazy Yiuf
  1493 | D:2      | Killed Crazy Yiuf
  1493 | D:2      | Reached skill level 1 in Stealth
  1493 | D:2      | Reached XP level 5. HP: 34/47 MP: 4/4
  1662 | D:3      | Reached skill level 5 in Fighting
  1818 | D:3      | Found a hide-covered altar of Uskayaw.
  2588 | D:4      | Reached *** piety under Trog
  2589 | D:4      | Reached skill level 6 in Long Blades
  2596 | D:4      | Reached XP level 6. HP: 38/56 MP: 5/5
  2656 | D:4      | Noticed brevous's ghost (amateur VSSk)
  2664 | D:4      | Killed brevous's ghost
  2735 | D:4      | Reached skill level 7 in Long Blades
  2775 | D:4      | Reached XP level 7. HP: 33/61 MP: 6/6
  3136 | D:4      | Noticed Dowan
  3137 | D:4      | Noticed Duvessa
  3145 | D:4      | Killed Dowan
  3155 | D:4      | Killed Duvessa
  3447 | D:5      | Entered Level 5 of the Dungeon
  3479 | D:5      | Noticed Psyclone's ghost (novice DECj)
  3500 | D:5      | Killed Psyclone's ghost
  3500 | D:5      | Reached skill level 8 in Long Blades
  3500 | D:5      | Reached XP level 8. HP: 45/70 MP: 7/7
  3644 | D:5      | Reached **** piety under Trog
  3658 | D:5      | Reached skill level 9 in Long Blades
  3772 | D:5      | Reached skill level 5 in Dodging
  3859 | D:5      | Reached skill level 1 in Shields
  4484 | D:6      | Got a transparent leather armour
  4525 | D:6      | Reached skill level 1 in Maces & Flails
  4562 | D:6      | Found a glowing drain.
  4597 | Sewer    | Entered a sewer
  4614 | Sewer    | Identified the +2 leather armour "Tow Inwem" {rPois Str+3 Int-3} (You found it on level 6 of the Dungeon)
  4660 | Sewer    | Reached XP level 9. HP: 39/79 MP: 8/8
  4686 | Sewer    | Reached ***** piety under Trog
  4837 | Sewer    | Received a gift from Trog
  4851 | Sewer    | Reached skill level 10 in Long Blades
  5088 | D:6      | Noticed Eustachio
  5109 | D:6      | Killed Eustachio
  5169 | D:6      | Found a staircase to the Ecumenical Temple.
  5344 | D:6      | Received a gift from Trog
  5530 | D:7      | Noticed Menkaure
  5652 | D:7      | Reached skill level 11 in Long Blades
  5811 | D:7      | Slain by a big kobold

Vault maps used:
D:1:      ncdulo_halloftheorcs
D:2:      chequers_ecumenical_altar_simple, uniq_crazy_yiuf_cottage,
          uniq_jessica
D:3:      lemuel_doored_altar, first_bread
D:4:      uniq_duvessa
D:5:      corexii_shantytown
D:6:      minmay_temple_entry_overgrown, portal_sewer_entry_a, uniq_eustachio
D:7:      serial_shops, kennysheep_little_box, uniq_menkaure
Sewer:    sewer_frog_island_02

Skill      XL: |  1  2  3  4  5  6  7  8  9 |
---------------+----------------------------+-----
Fighting       | 4 5 6 7 8 |  8.1
Long Blades    | 4 5 6 7 8 9 11 | 11.4
Stealth        | 1 2 3 4 |  4.8
Dodging        | 3 4 5 6 |  6.2
Armour         | 3 |  3.4
Shields        | 1 2 |  2.9
Maces & Flails | 2 |  2.7

Action                   |  1- 3 |  4- 6 |  7- 9 || total
-------------------------+-------+-------+-------++-------
Melee: Falchion          |    67 |    88 |   270 ||   425
       Headbutt          |    11 |    23 |    86 ||   120
       Mace              |       |       |    64 ||    64
       Flail             |       |       |    19 ||    19
       Scimitar          |       |       |    47 ||    47
Invok: Berserk           |       |     2 |     4 ||     6
       Burn Spellbooks   |       |       |     1 ||     1
  Use: Potion            |       |       |     3 ||     3
       Scroll            |       |       |     3 ||     3
 Stab: Sleeping          |     3 |     6 |     6 ||    15
  Eat: Chunk             |       |     8 |    25 ||    33
Armor: Animal skin       |     9 |    11 |     4 ||    24
       Leather armour    |       |       |    93 ||    93
Dodge: Dodged            |    36 |    50 |   231 ||   317
Block: Buckler           |       |       |    52 ||    52
       Rpst.: Falchion   |    13 |    14 |    36 ||    63
       Scimitar          |       |       |     5 ||     5

Table legend:
 A = Spawn XP
 B = Non-spawn XP
 C = Spawn XP percentage of total XP
 D = Spawn monster count
 E = Non-spawn monster count
 F = Spawn count percentage of total count
 G = Total turns spent on level
                    A         B        C        D         E        F      G
               +---------+---------+-------+---------+---------+-------+---------
         Total |       0 |    5048 |   0.0 |       0 |     234 |   0.0 |  5811
               +---------+---------+-------+---------+---------+-------+---------
           D:1 |       0 |      68 |   0.0 |       0 |      28 |   0.0 |   581
           D:2 |       0 |     135 |   0.0 |       0 |      13 |   0.0 |   968
           D:3 |       0 |      83 |   0.0 |       0 |      25 |   0.0 |  1032
           D:4 |       0 |     964 |   0.0 |       0 |      24 |   0.0 |   866
           D:5 |       0 |    1134 |   0.0 |       0 |      47 |   0.0 |   954
           D:6 |       0 |    1003 |   0.0 |       0 |      26 |   0.0 |   816
           D:7 |       0 |    1279 |   0.0 |       0 |      19 |   0.0 |   299
         Sewer |       0 |     382 |   0.0 |       0 |      52 |   0.0 |   295
               +---------+---------+-------+---------+---------+-------+---------
